Match 42342908
Unlisted

Match 42342908
End
Vickers Machine Gun Team
Royal Engineer Section
Vickers Machine Gun Team
Royal Engineer Section
Construct Field Infirmary
Construct Section Command Post
Infantry Section
Selects Heavy Armor Battlegroup
Infantry Section
Infantry Section
Construct Platoon Command Post
Selects Engineer Detachments
Royal Engineer Section
Selects Forward Repair Assembly
Construct Company Command Post
Crusader II Medium Tank
Crusader II Medium Tank
Selects Churchill Black Prince Heavy Tank
Churchill Black Prince Heavy Tank
Armored Vehicle Training
Grenade Package
Team Weapon Training
Unlock M3 Grant Medium Tanks
Selects Light Vehicle Withdraw and Refit
Selects Light Vehicle Withdraw and Refit
Selects Radio Net
Radio Net
M3 Grant Medium Tank
M3 Grant Medium Tank
ConcernedApe
SzybkiKiller
Leo invictum
PUN-Martin
0
0

Comments sign in to comment!

No comments posted yet!